[Event "US Masters 2022"]
[Site "Charlotte"]
[Date "2022.11.25"]
[Round "3.19"]
[White "Yoo, Christopher Woojin"]
[Black "Park, Evan"]
[Result "1-0"]
[ECO "D36"]
[WhiteElo "2573"]
[BlackElo "2364"]
[Annotator "TA"]
[PlyCount "142"]
[EventDate "2022.11.23"]
[EventType "swiss"]
[EventCountry "USA"]
[SourceTitle "playchess.com"]
[Source "ChessBase"]
[SourceQuality "1"]
[TimeControl "5400+30"]

1. c4 e6 2. Nc3 d5 3. d4 Nf6 4. cxd5 exd5 5. Bg5 Be7 6. e3 h6 7. Bh4 c6 8. Qc2 Nbd7 9. Bd3 O-O 10. Nf3 Re8 11. O-O Nh5 12. Bxe7 Qxe7 13. Rab1 {[%emt 0:03:03] D36: Queen's Gambit Declined: Exchange Variation: Main line (5 Bg5 c6 6 Qc2).} a5 {[%emt 0:02:46] is now more promising than 13...Nhf6.} 14. Na4 $5 {[%emt 0:05:58][%mdl 4] Exploring less charted territory.} Nhf6 15. a3 {[%emt 0:02:26] White is slightly better.} Ne4 16. Rfe1 {[%emt 0:01:40] [#]} Nd6 $146 ({Predecessor:} 16... Qd6 17. Nd2 Ndf6 18. Nb6 Ng4 19. Nf1 Rb8 20. f3 c5 21. Nxc8 Rbxc8 22. fxe4 dxe4 {1-0 (30) Kasueschke,G (2030)-Fleckner,H (1830) Bad Woerishofen 2001}) 17. b4 axb4 (17... b5 $5 18. Nc5 (18. Qxc6 $2 Bb7 $19) 18... Nc4 $11) 18. axb4 b5 19. Nc5 (19. Qxc6 $2 Bb7 20. Qc2 bxa4 $19) 19... Nxc5 20. Qxc5 Bb7 21. Ra1 Nc4 (21... Qd7 $11) 22. Rxa8 $16 Bxa8 23. Ra1 Bb7 24. Ra7 Nb2 25. Bf5 Qc7 26. Nd2 (26. Ne5 $16) 26... Na4 $14 {[%emt 0:01:15] Inhibits g3.} 27. Qc1 Qb8 28. Ra5 $40 {[%emt 0:00:40][%mdl 128] White is up to no good.} Qd6 29. Qa3 Bc8 30. Bd3 Qf6 31. Nf3 (31. Ra7 {seems wilder.} Re7 32. Ra8 Re8 33. Nb3) 31... Bf5 32. Bf1 {[%emt 0:00:23] Threatens to win with Ne5.} (32. Ne5 $5 ) 32... Qd6 33. Ne5 Bd7 34. Ra7 Rd8 35. Bd3 {[%emt 0:02:00] Black must now prevent Nxd7. White is much more active.} (35. Nxd7 {simplifies} Rxd7 36. Ra6 Rb7 37. Bxb5 Rxb5 38. Ra8+) 35... f6 $2 (35... Be8 $16) 36. Nxd7 $1 $18 Rxd7 37. Ra6 Rb7 {[%emt 0:02:57] [#]} 38. Bxb5 $1 Rxb5 39. Rxa4 {[%emt 0:00:17][%mdl 4096] Endgame KQR-KQR} (39. Qxa4 $6 Rxb4 40. Qc2 (40. Qxc6 $2 Rb1+) 40... Qb8 $14) 39... Qe6 40. Qc3 Rb8 (40... Qc8 $142 41. g3 Kf7 42. Ra7+ Kg8) 41. Ra6 Qf5 {[%emt 0:00:35] ( -> ...Qb1+)} 42. Ra1 {[%emt 0:01:19] Inhibits Qb1+.} Kh7 43. h3 ({Don't take} 43. Qxc6 $6 Rxb4 44. Qc1 h5 $16) 43... h5 44. h4 ({Resist} 44. Qxc6 $6 Rxb4 45. Qc3 Rb8 $16) (44. Qc5 $18) 44... Qe4 $16 45. g3 Kg6 46. Qc5 Rb5 47. Qf8 {[%emt 0:02:16] And now Ra7 would win.} Rb7 {[%emt 0:00:02] Prevents Ra7.} 48. Qd6 (48. Re1 {feels hotter.} Rb5 49. Rc1 Rb6 50. Qc5) 48... Kh7 49. Rc1 Rb6 50. Ra1 ({But not} 50. Rxc6 $6 Qb1+ 51. Kh2 Qf5 $11) (50. Qc5 {simplifies} Ra6 51. Qc2 Qxc2 52. Rxc2 Rb6 53. Kg2) 50... Rb7 $1 51. Qc5 {[%emt 0:01:45] Prevents Rb6.} Kg6 52. Rc1 Rb5 53. Qxc6 Rxb4 54. Qc2 Kf5 55. Qxe4+ Kxe4 {[%emt 0:00:44] KR-KR} (55... dxe4 $142 56. Rc2 Kg4) 56. Kg2 $1 {[%emt 0:00:10] aiming for Rc7.} Rb7 {[%emt 0:00:42] Prevents Rc7.} (56... Rb6 $16 {might work better.} 57. Rc8 g6) 57. Rc8 $18 Kf5 58. Rd8 Ke6 59. Re8+ Kf5 60. f3 $2 ({White should try} 60. Kf3 $1 $18) 60... Rb2+ ({Better is} 60... Rb1 $14) 61. Kh3 $16 Re2 $2 {[%emt 0:02:04] [#]} (61... g5 $16 62. g4+ hxg4+ 63. fxg4+ Kg6) 62. Re7 (62. g4+ $1 $18 Kg6 63. Re7) 62... Kg6 $2 {[%emt 0:00:21] [#]} (62... g5 $16 63. g4+ Kg6) 63. g4 $1 $18 hxg4+ 64. fxg4 Ra2 $2 (64... Re1 {was necessary.} 65. Kg3 Kh6) 65. Kg3 Rb2 66. Rc7 Rb8 67. Kf4 Ra8 68. Re7 Ra1 69. Rd7 Ra5 {[%emt 0:00:41] White is winning.} 70. Rd6 Rb5 71. g5 Ra5 {[%emt 0:01:11] Weighted Error Value: White=0.18 (very precise) /Black=0.21 (precise)} 1-0

[Event "US Masters 2022"]
[Site "Charlotte"]
[Date "2022.11.25"]
[Round "3.21"]
[White "Wang, Jason"]
[Black "Gazik, Viktor"]
[Result "0-1"]
[ECO "E16"]
[WhiteElo "2345"]
[BlackElo "2564"]
[Annotator "TA"]
[PlyCount "84"]
[EventDate "2022.11.23"]
[EventType "swiss"]
[EventCountry "USA"]
[SourceTitle "playchess.com"]
[Source "ChessBase"]
[SourceQuality "1"]
[TimeControl "5400+30"]

1. d4 Nf6 2. c4 e6 3. Nf3 Bb4+ 4. Nbd2 a5 5. g3 b6 6. Bg2 Bb7 7. O-O O-O 8. Qc2 {[%emt 0:06:18] E16: Queen's Indian: 4 g3 Bb7 5 Bg2 Bb4+.} Bxd2 9. Bxd2 Be4 10. Qc1 {[%emt 0:02:50] The position is equal.} d6 11. Bc3 Nbd7 12. Qe3 {[%emt 0:02:15] [#]} Re8 $146 ({Predecessor:} 12... Qb8 13. Bh3 b5 14. b3 bxc4 15. bxc4 Qa7 16. Nd2 Bg6 17. Bg2 Rae8 18. Bc6 Qa6 {0-1 (40) Nikolaidis,K (2182)-Gouloutis,N (2382) Rio Achaea 2018}) 13. h3 e5 14. Rad1 exd4 15. Qxd4 a4 16. Rfe1 Nc5 17. Nd2 Bxg2 18. Kxg2 Qd7 19. e4 Qc6 20. f3 Ne6 21. Qd3 Nd7 22. f4 Nec5 23. Qf3 Re6 24. Re3 Rae8 25. Rde1 b5 26. cxb5 Qxb5 27. h4 Nf6 28. g4 $2 {[%emt 0:02:50][%mdl 8192] [#] Now White is beyond hope.} (28. b3 $11 {and White has nothing to worry.}) 28... Nxg4 $1 $19 29. f5 Nxe3+ 30. Qxe3 Rxe4 31. Nxe4 Nxe4 32. Qf3 Nxc3 33. Rxe8+ Qxe8 34. bxc3 {[%emt 0:00:07][%mdl 4096] Endgame KQ-KQ} h6 35. f6 gxf6 36. Qg4+ Kf8 {[%emt 0:00:42] And now ...Qb5 would win.} 37. Kf2 Qc6 {[%emt 0:06:24] Strongly threatening ...Qc5+.} 38. Ke2 (38. Qd4 $142 Ke7 39. Ke3) 38... Qb5+ 39. Kd2 f5 40. Qd4 Qb2+ 41. Kd3 Qb1+ 42. Kc4 Qf1+ {[%emt 0:00:28] Weighted Error Value: White=0.76/Black=0.13 (very precise)} (42... Qxa2+ $142 43. Kd3 Qb1+ 44. Ke3 a3 45. Qh8+ Ke7 46. Qg7 a2 47. c4 a1=Q 48. Qxa1 Qxa1 49. Kd3 c5 50. Kc2 f4 51. Kd2 Qb2+ 52. Kd3 f3 53. Ke4 f2 54. Kf4 f1=Q+ 55. Kg4 Qg7+ 56. Kh5 Qg6#) 0-1

[Event "US Masters 2022"]
[Site "Charlotte"]
[Date "2022.11.25"]
[Round "3.22"]
[White "Fishbein, Alexander"]
[Black "Canty, James"]
[Result "1/2-1/2"]
[ECO "B90"]
[WhiteElo "2389"]
[BlackElo "2158"]
[Annotator "TA"]
[PlyCount "118"]
[EventDate "2022.11.23"]
[EventType "swiss"]
[EventCountry "USA"]
[SourceTitle "playchess.com"]
[Source "ChessBase"]
[SourceQuality "1"]
[TimeControl "5400+30"]

1. e4 c5 2. Nf3 d6 3. d4 cxd4 4. Nxd4 Nf6 5. Nc3 a6 6. a4 e5 7. Nf3 Be7 8. Bc4 Be6 9. Qe2 {[%emt 0:00:40] B90: Sicilian Najdorf: Unusual White 6th moves, 6 Be3 Ng4 and 6 Be3 e5.} Qc8 10. Bb3 Nbd7 11. Bg5 {[%emt 0:02:47] The position is equal.} Nc5 {[%emt 0:04:22] [#]} 12. Bxf6 $146 (12. Ba2 {should be considered.}) ({Predecessor:} 12. Ba2 Bxa2 13. Rxa2 Ne6 14. Bxf6 Nf4 15. Qf1 Bxf6 16. g3 Ne6 17. Qe2 O-O 18. O-O {0-1 (51) Kaczur,F (2495)-Ajay,K (2426) Budapest 2021}) 12... Bxf6 (12... Nxb3 {simplifies} 13. cxb3 Bxf6 14. Nd2 Qc5) 13. Ba2 O-O 14. O-O Qc6 15. a5 Rac8 16. Nd5 Bd8 17. b4 Nd7 18. Bb3 Kh8 (18... Nf6 $11) 19. Nd2 $36 {[%emt 0:04:16][%mdl 2048] aiming for Ba4. Black is under pressure.} Bxd5 20. Bxd5 Qc7 21. Bb3 Qc3 22. Rab1 ({White should try} 22. Ra4 $14) 22... Nb8 (22... Qxb4 $11 23. Bd5 Qxa5 24. Rxb7 (24. Nc4 Qc5 $11) 24... Rc7) 23. Nc4 Qxb4 24. Rfd1 Rc6 (24... Bc7 $14) 25. Qd3 (25. Ba2 $1 $18 Qa4 26. c3 (26. Rxb7 $2 Qxa2 27. Nxd6 Bc7 $19) 26... Bxa5 27. Nxd6 (27. Rxb7 Rc7 $18) 27... Rxd6 28. Rxd6) 25... Bc7 26. c3 {[%emt 0:03:12][%mdl 1024] White has strong compensation.} Qc5 27. Ba2 (27. Qh3 $16) 27... Qa7 (27... Nd7 $11) 28. Qh3 $1 $16 Rc5 {[%emt 0:03:38] [#]} 29. Kf1 {[%emt 0:05:56] White is much more active. The black rooks are badly placed.} ({Resist} 29. Nxd6 Bxd6 30. Rxd6 Rxa5 31. Bxf7 Rb5 $14) (29. Rd3 $1 $16) 29... Nc6 $11 30. Qd7 Nxa5 31. Qe7 Qb8 32. Nxa5 Rxa5 {[%emt 0:00:10] [#]} (32... Bxa5 {simplifies} 33. Rxb7 Qc8 34. Bxf7 Qd8) 33. Rxb7 $1 {[%emt 0:00:21][%mdl 64] Double Attack} Qd8 34. Qxd8 (34. Qxc7 {simplifies} Qxc7 35. Rxc7 Rxa2 36. Rxd6 f6 37. g4) 34... Bxd8 35. Bxf7 Rb5 36. Rd7 Bb6 37. Rd2 ({Better is} 37. R1xd6 $14 g6 38. Rb7) 37... Bc5 38. g3 (38. Ra2 {with more complications.} Rb1+ 39. Ke2 a5 40. Rxa5 g6 41. Be6) 38... a5 39. Ra2 a4 40. Rxa4 Rb2 41. Kg2 Rxf2+ 42. Kh3 Rc2 43. Ra1 Rxc3 44. Rb1 Be3 45. Rbb7 Bh6 46. Rxd6 Re3 47. Bd5 Bg5 48. Rdd7 Bf6 49. Rf7 Rd8 50. Kg4 Rd3 51. Be6 Rd2 52. h4 {[%emt 0:00:21] Strongly threatening Kh5.} Rg2 53. Bf5 h5+ {[%emt 0:01:08] [#]} 54. Kxh5 ({White should play} 54. Kh3 $1 $16 Re2 55. Bg6) 54... Rxg3 55. Be6 {[%emt 0:00:27][%cal Of7f6] Rxf6! would kill now.} Re8 (55... g6+ {leads to mate.} 56. Kh6) 56. Bd5 {[%emt 0:00:40][%cal Of7f6] Threatening mate with Rxf6!} Rh3 57. Kg4 Rxh4+ 58. Kg3 {[%emt 0:00:10][%cal Of7f6] Threatens to win with Rxf6!} Rh3+ $2 59. Kg4 $2 (59. Kxh3 {mates} Rc8 60. Kg4 Rc1 61. Rf8+ Kh7 62. Rxf6 Rg1+ 63. Kh3 Rh1+ 64. Kg2) 59... Rh4+ {[%emt 0:00:30] Weighted Error Value: White=0.27 (precise) /Black=0.28 (precise)} 1/2-1/2

[Event "US Masters 2022"]
[Site "Charlotte"]
[Date "2022.11.25"]
[Round "3.23"]
[White "Clasby, Derek"]
[Black "Cordova, Emilio"]
[Result "0-1"]
[ECO "B30"]
[WhiteElo "2252"]
[BlackElo "2561"]
[Annotator "TA"]
[PlyCount "72"]
[EventDate "2022.11.23"]
[EventType "swiss"]
[EventCountry "USA"]
[SourceTitle "playchess.com"]
[Source "ChessBase"]
[SourceQuality "1"]
[TimeControl "5400+30"]

1. e4 c5 2. Nf3 Nc6 3. Bb5 e6 4. O-O Nge7 5. Re1 b6 (5... a6 $11 6. Be2 b5) 6. b3 {[%emt 0:03:54] B30: Sicilian: 2...Nc6 3 Bb5, lines without ...g6.} (6. c3 $14) 6... Bb7 $11 7. Bb2 a6 8. Bf1 {[%emt 0:02:11] The position is equal.} d5 9. exd5 Nxd5 10. d4 Nf6 {[%emt 0:00:43] [#]} 11. a3 $146 ({Predecessor:} 11. c4 cxd4 12. Nxd4 Bc5 13. Nxc6 Qxd1 14. Rxd1 Bxc6 15. Be2 Ne4 16. Bd4 O-O-O 17. Bxc5 Rxd1+ 18. Bxd1 Rd8 19. Bc2 Nxc5 20. Nc3 {½-½ (20) Czebe,A (2367)-Holm,K (2470) Novi Sad 2021}) 11... cxd4 (11... Nxd4 {feels hotter.} 12. Nxd4 cxd4 13. Qxd4 Qc7) 12. Nxd4 Nxd4 13. Bxd4 Bd6 14. h3 Qc7 15. Qc1 O-O-O 16. Qb2 (16. Qe3 $142 Bh2+ 17. Kh1) 16... h5 {[%emt 0:00:34] Black is more active.} (16... Bh2+ $142 17. Kh1 Kb8) 17. Qc3 $2 (17. Bd3 $17 {might work better.}) 17... Bh2+ $19 18. Kh1 {[%emt 0:03:21] [#]} Rxd4 19. Qxd4 {[%emt 0:01:35] [#]} Ng4 $1 $36 {[%emt 0:00:08][%mdl 2112] White must now prevent ...Rd8. Keeping White busy.} 20. f4 $2 (20. hxg4 hxg4 21. Qxg7 Qd8 22. Bxa6 Be5+ 23. Kg1 Bxg7 $19) (20. Re2 {was the only defense.} Be5 21. Rxe5) 20... Bxf4 {[%emt 0:01:02][%cal Of4e3] Dancing on a razor blade.} 21. hxg4 $2 (21. Qxg7 Nf2+ 22. Kg1 Nxh3+ 23. Kh1) 21... hxg4+ 22. Kg1 Bh2+ {[%emt 0:20:19] This pair of bishops is nice.} 23. Kf2 Qg3+ ({Not} 23... Qxc2+ 24. Nd2 Kb8 25. Rac1 Qf5+ 26. Ke2 $16) 24. Ke2 {[%emt 0:00:06] [#]} Bf3+ $1 {[%emt 0:00:04][%mdl 576] Black is clearly winning.} 25. Kd2 Rd8 26. Bxa6+ Kc7 {[%emt 0:00:05] ( -> ...Qf4+)} 27. Qxd8+ Kxd8 28. gxf3 Qf2+ {[%emt 0:00:16][%mdl 64] Skewer} ({Weaker is} 28... gxf3 29. Rd1 $19) 29. Re2 Qd4+ 30. Bd3 Bf4+ 31. Kd1 Qxa1 32. c3 gxf3 33. Rf2 g5 {[%emt 0:00:14][%cal Bg7g5,Bg5f4,Bf4f3][%mdl 32] And now ...g4 would win.} 34. Rxf3 Qb2 35. Rxf4 gxf4 36. Bc2 f3 {[%emt 0:00:24] Weighted Error Value: White=0.95/Black=0.07 (flawless)} 0-1

[Event "US Masters 2022"]
[Site "Charlotte"]
[Date "2022.11.25"]
[Round "3.24"]
[White "Mishra, Abhimanyu"]
[Black "Castro Torres, Jose Luis"]
[Result "1/2-1/2"]
[ECO "C07"]
[WhiteElo "2549"]
[BlackElo "2342"]
[Annotator "TA"]
[PlyCount "82"]
[EventDate "2022.11.23"]
[EventType "swiss"]
[EventCountry "USA"]
[SourceTitle "playchess.com"]
[Source "ChessBase"]
[SourceQuality "1"]
[TimeControl "5400+30"]

1. e4 e6 2. d4 d5 3. Nd2 c5 4. Ngf3 cxd4 5. Nxd4 Nc6 6. Bb5 Bd7 7. Nxc6 bxc6 8. Bd3 Qc7 9. Qe2 {[%emt 0:03:52] C07: French Tarrasch: 3...c5, 4 Ngf3 and 4 exd5 Qxd5.} Ne7 10. O-O Ng6 11. Nf3 {[%emt 0:00:47] The position is equal.} Be7 12. c4 dxe4 13. Bxe4 (13. Qxe4 f5 14. Qe2 e5 $11) 13... f5 14. Bc2 O-O 15. Ng5 {[%emt 0:14:08] [#]} Rf6 $146 ({Predecessor:} 15... Bxg5 16. Bxg5 e5 17. Rad1 Rae8 18. h4 Rf7 19. h5 Nf8 20. Bd2 Ne6 21. Bc3 Nf4 {½-½ (30) Svanda,O (2361)-Budisavljevic,L (2516) Teplice 2022}) 16. h4 Re8 (16... Nxh4 $15 17. Qh5 h6 18. Qxh4 hxg5 19. Qxg5 (19. Bxg5 Rh6 $11) 19... c5) 17. h5 $14 Nh8 18. Bd2 Nf7 19. Rfe1 Nh6 20. g3 {[%emt 0:07:35] White is more active.} (20. Qe5 $16 Bd6 21. Qa5) 20... Bc5 (20... Ng4 {is more complex.} 21. b4 c5 22. Bf4 Qb7) 21. Be3 Bxe3 22. Qxe3 Ng4 {[%emt 0:00:18] Against Qe5} 23. Qe2 (23. Qd2 $1 $14) 23... Rff8 (23... c5 $11) 24. c5 (24. Rad1 $5 ) 24... h6 25. Ne4 Nxf2 (25... Rb8 $11 {remains equal.}) 26. Nxf2 $16 Qxg3+ 27. Kf1 {[%emt 0:00:57] Hoping for Qd3.} Bc8 28. Rad1 (28. Qe3 $16 Qh4 29. Qh3 Qc4+ 30. Qd3 Qxc5 31. Rac1) 28... e5 $1 $14 29. Rd3 {[%emt 0:07:10] Inhibits e4.} Qg5 (29... Qh4 $1 $14 30. Rh3 Qg5) 30. Rd6 (30. Re3 $142) 30... e4 {[%emt 0:00:14] [#]} (30... Kh8 $142) 31. Rg6 $1 $16 (31. Rxc6 e3 32. Nh3 Qh4 $15) 31... Qh4 {[%emt 0:01:37] [#] And now ...e3 would win.} 32. Qc4+ (32. Rxc6 e3 33. Rxc8 exf2 34. Rxe8 fxe1=Q+ 35. Qxe1 Qh1+ 36. Kf2 Qh2+ 37. Kf1 Qh1+ 38. Kf2 Qh2+ 39. Kf1 Qh1+ $11) (32. Qe3 $142 $1 Kh7 33. Rxc6) 32... Kh8 33. Qd4 ({Much worse is} 33. Rxc6 Qxh5 34. Qc3 Qg5 $11) 33... Ba6+ 34. Kg2 ({Better is} 34. Kg1 $14 Rf6 35. Rg2 Qxh5 36. Re3 (36. Qd7 Rg8 $11)) 34... Rf6 $11 35. Qd7 $4 (35. Rxf6 $11 {and White has nothing to worry.} gxf6 36. Bb3) 35... Rxg6+ $19 36. hxg6 Qg5+ 37. Kh2 Qf4+ (37... Rd8 $19 38. Qc7 f4 39. Rxe4 Bf1 40. Qxd8+ (40. Ng4 {is a self mate.} Rd2+) 40... Qxd8) 38. Kg1 $15 Qg3+ {[%emt 0:00:26][%mdl 1024] Black has strong compensation.} 39. Kh1 Qf3+ 40. Kg1 Qg3+ (40... Rg8 $5 41. Qd2 Qg3+ 42. Kh1 Bc4 $15) 41. Kh1 Qf3+ {[%emt 0:00:31] Weighted Error Value: White=0.31/Black=0.34} (41... Qxg6 $17 42. Qd6 Qh5+ 43. Qh2 Qxh2+ 44. Kxh2 g5) 1/2-1/2

[Event "US Masters 2022"]
[Site "Charlotte"]
[Date "2022.11.25"]
[Round "4.1"]
[White "Escalante Ramirez, Brian Sebasti"]
[Black "Naroditsky, Daniel"]
[Result "0-1"]
[ECO "B10"]
[WhiteElo "2468"]
[BlackElo "2617"]
[Annotator "TA"]
[PlyCount "80"]
[EventDate "2022.11.23"]
[EventType "swiss"]
[EventCountry "USA"]
[SourceTitle "playchess.com"]
[Source "ChessBase"]
[SourceQuality "1"]
[TimeControl "5400+30"]

1. e4 c6 2. Nf3 d5 3. exd5 cxd5 4. Ne5 Nc6 5. d4 a6 6. c4 {[%emt 0:00:00] B10: Caro-Kann: 2 d3 and 2 c4.} e6 7. Nxc6 bxc6 {[%emt 0:03:09] [#]} 8. Bd3 $146 {[%emt 0:00:00] The position is equal.} ({Predecessor:} 8. Nc3 Bd6 9. Bd3 Nf6 10. O-O O-O 11. Bg5 a5 12. Rc1 Ba6 13. cxd5 Bxd3 14. Qxd3 cxd5 {0-1 (32) Murzin,V (2519)-Svane,R (2637) Chess.com INT 2022}) 8... Bd6 9. O-O Ne7 (9... dxc4 $11 10. Bxc4 Nf6) 10. c5 Bc7 11. Nd2 O-O 12. Nf3 Ng6 13. Re1 f6 14. Qc2 Qe8 15. h4 Kh8 16. Bd2 Qf7 17. h5 {[%emt 0:00:00] Against e5} Ne7 18. h6 (18. Bxh7 $2 {perishes.} Qxh5 19. Bd3 g5 $19) 18... g5 {[%emt 0:00:00] Black continues to play with concentration.} 19. g3 Qh5 20. Kg2 {[%emt 0:00:00] [#]} (20. Nh2 $17) 20... e5 $1 $19 21. Rh1 {[%emt 0:00:00] Prevents Bh3+.} (21. dxe5 $2 {too greedy.} Bh3+ 22. Kg1 Qxf3 $19) 21... Qf7 {[%emt 0:00:00] And now ...e4 would win.} 22. Ne1 (22. Be2 {was worth a try.}) 22... e4 ({Weaker is} 22... exd4 23. Nf3 $14) 23. Be2 f5 {[%emt 0:00:00][%cal Bf6f5,Bf5f4,Bf4f3][%mdl 32] White must now prevent ...f4.} 24. Bxg5 (24. f4) 24... f4 25. Bh5 Ng6 26. g4 f3+ 27. Kf1 a5 28. Qd2 Ba6+ 29. Kg1 Qe6 {[%emt 0:00:00] ...Nf4 is the strong threat.} 30. Nc2 Nf4 {[%emt 0:00:00] Hoping for ...Nxh5.} 31. Bxf4 Rxf4 32. Ne3 Rg8 33. Rh4 Qxh6 {[%emt 0:00:00][%cal Of4g4] ( -> ...Rfxg4+!)} 34. Qc1 {[%emt 0:01:32] [#]} Rfxg4+ $3 {[%emt 0:00:00][%mdl 512] Black mates.} 35. Nxg4 {[%emt 0:00:28] [#]} Rxg4+ $1 36. Rxg4 Qxh5 37. Rg3 Bxg3 38. fxg3 f2+ {[%emt 0:00:00][%mdl 64] Deflection, Decoy} 39. Kxf2 Qh2+ {[%emt 0:00:00][%mdl 64] Deflection} 40. Ke3 Qxg3+ {[%emt 0:00:00] Weighted Error Value: White=0.96/Black=0.05 (flawless)} 0-1

[Event "US Masters 2022"]
[Site "Charlotte"]
[Date "2022.11.25"]
[Round "4.2"]
[White "Oparin, Grigoriy"]
[Black "Chandra, Akshat"]
[Result "1-0"]
[ECO "D41"]
[WhiteElo "2683"]
[BlackElo "2472"]
[Annotator "TA"]
[PlyCount "73"]
[EventDate "2022.11.23"]
[EventType "swiss"]
[EventCountry "USA"]
[SourceTitle "playchess.com"]
[Source "ChessBase"]
[SourceQuality "1"]
[TimeControl "5400+30"]

1. d4 Nf6 2. c4 e6 3. Nf3 d5 4. Nc3 c5 5. cxd5 Nxd5 6. e4 Nxc3 7. bxc3 cxd4 8. cxd4 Bb4+ 9. Bd2 Bxd2+ 10. Qxd2 O-O 11. Rc1 b6 {[%emt 0:02:29] D41: Queen's Gambit Declined: Semi-Tarrasch with 5 cxd5.} 12. Bd3 Bb7 13. O-O Nd7 {[%emt 0:11:02] The position is equal.} 14. Qf4 Rc8 15. Rxc8 Qxc8 16. Rc1 Qb8 (16... Qd8 $11) 17. Qxb8 $1 $16 Rxb8 18. Rc7 Nf6 {[%emt 0:01:21] [#]} 19. Ng5 $1 $36 {[%emt 0:01:18][%mdl 2048] aiming for f3. White is on the roll.} h6 20. Nxf7 Bxe4 21. Bxe4 Nxe4 {[%emt 0:00:02][%mdl 4096] Endgame KRN-KRN} 22. f3 Ng5 {[%emt 0:04:15] [#]} (22... Nf6 $142) 23. Ne5 $146 ({Predecessor:} 23. Nxg5 hxg5 24. Rxa7 Rd8 25. Rb7 Rxd4 26. Rxb6 Rd1+ 27. Kf2 {½-½ (49) Sviridova,V (2144)-Margl,R (2293) Chess.com INT 2020}) 23... a5 24. Nc6 Ra8 25. Rb7 {[%emt 0:00:12] Inhibits b5.} Nh7 26. Ne7+ Kf8 27. Ng6+ Kg8 28. Nf4 {[%emt 0:00:00] White is much more active.} Nf6 (28... Nf8 $16 {was worth a try.}) 29. Nxe6 $18 (29. Rxb6 $6 Nd5 30. Nxd5 (30. Rxe6 $2 Nxf4 31. Re4 Nd5 $19) 30... exd5) 29... Nd5 (29... Re8 $142) 30. Rxg7+ ({But not} 30. Nxg7 $6 Rf8 31. Ne6 Rf6 $18) 30... Kh8 31. Rd7 {[%emt 0:00:00] Inhibits a4.} Nc3 32. d5 {[%emt 0:00:00][%cal Bd4d5,Bd5d6][%mdl 32] d6 is the strong threat.} Re8 {[%emt 0:00:00] Inhibits d6.} 33. Nf4 Nxa2 $2 (33... Ne2+ 34. Nxe2 Rxe2) 34. d6 {[%emt 0:00:00] White is clearly winning.} ({Less strong is} 34. Rb7 Kg8 35. Rxb6 a4 $18) 34... Re1+ (34... Kg8 $142 35. Nd5 b5) 35. Kf2 Rd1 36. Ng6+ Kg8 37. Ne5 {[%emt 0:00:00] Black did not feel at home in the position after the opening.   Weighted Error Value: White=0.14 (very precise) /Black=0.32} 1-0

[Event "US Masters 2022"]
[Site "Charlotte"]
[Date "2022.11.25"]
[Round "4.3"]
[White "Nagy, Gabor"]
[Black "Negi, Parimarjan"]
[Result "1/2-1/2"]
[ECO "D94"]
[WhiteElo "2482"]
[BlackElo "2639"]
[Annotator "TA"]
[PlyCount "112"]
[EventDate "2022.11.23"]
[EventType "swiss"]
[EventCountry "USA"]
[SourceTitle "playchess.com"]
[Source "ChessBase"]
[SourceQuality "1"]
[TimeControl "5400+30"]

1. d4 d5 2. c4 e6 3. Nf3 Nf6 4. Nc3 c6 5. e3 Nbd7 6. Qc2 g6 7. Be2 Bg7 8. O-O O-O 9. Rd1 $1 {[%emt 0:03:15] 9.Rd1 scores better than 9.b3. D94: Grünfeld: 4 Nf3 Bg7 5 e3.} Re8 {[%emt 0:01:32] [#]} 10. Ne5 $146 (10. a4 $142) ({Predecessor:} 10. b3 b6 11. cxd5 exd5 12. Ba3 Bb7 13. Rac1 Rc8 14. Bf1 c5 15. Qb1 Ne4 16. Bb2 Qe7 17. dxc5 Nxf2 {½-½ (94) Carlsen,M (2862)-Artemiev,V (2708) Chess.com INT 2020}) 10... Nxe5 $11 11. dxe5 Nd7 12. f4 f6 13. e4 fxe5 {[%emt 0:08:59] ...d4 is the strong threat.} 14. exd5 exd5 15. cxd5 Nf6 16. dxc6 Qb6+ 17. Kh1 bxc6 18. fxe5 Ng4 ({Don't play} 18... Rxe5 19. Na4 Qb7 20. Rd8+ Bf8 21. Bf4 $14) (18... Bf5 $5 19. Qb3+ (19. Bc4+ Kh8 $11) 19... Qxb3 20. axb3 Ng4 $15) 19. Rf1 Nxe5 (19... Nf2+ $2 {[#]} 20. Rxf2 $1 Rxe5 21. Bf4 $1 $18) (19... Bf5 {simplifies} 20. Na4 Bxc2 21. Nxb6 axb6 22. Bxg4 Rxe5 23. Bd2 Bd3) 20. Na4 Qd4 21. Bf4 Bf5 22. Qb3+ Qd5 23. Nc5 {[%emt 0:04:48] Against Nd3} Rab8 24. Qxd5+ cxd5 25. b3 Rbc8 26. Bb5 $1 Re7 27. Rac1 d4 28. h3 h5 {[%emt 0:05:39] Against g4} 29. Rfd1 (29. Rfe1 {looks sharper.} Kf7 30. Ba6 Rf8 31. a4) 29... Nf7 30. b4 g5 31. Bg3 g4 32. hxg4 Bxg4 33. Re1 Re3 {[%emt 0:01:01] The position is equal.} 34. Bf4 Rxe1+ 35. Rxe1 Bf8 {[%emt 0:00:25] Against Re7} 36. Rc1 Bd6 37. Bxd6 Nxd6 38. Bd3 Bf5 39. Rd1 Bxd3 40. Rxd3 {[%emt 0:00:11][%mdl 4096] Endgame KRN-KRN} Nf5 41. a3 Kg7 42. Rf3 Kg6 43. Kg1 Re8 44. Kf2 Ne3 45. Nd3 Kg5 46. Rf4 Nc2 47. a4 Rc8 48. Rf7 a6 49. Rd7 Rc3 50. Ke2 Rb3 51. b5 axb5 52. Rd5+ Kg4 53. Rxb5 Ra3 54. a5 Ne3 55. Nf2+ Kh4 56. g3+ Kxg3 {[%emt 0:00:04] Weighted Error Value: White=0.06 (flawless) /Black=0.05 (flawless)} 1/2-1/2